 Dungeon Crawl Stone Soup version 0.23.2-40-g277498a (webtiles) character file.

Game seed: 4620099745278537188

191 Fang the Skirmisher (level 5, -6/34 HPs)
             Began as a Gargoyle Berserker on Sept 6, 2019.
             Was a Priest of Trog.
             Killed from afar by an orc wizard (8 damage)
             ... with a puff of flame
             ... on level 3 of the Dungeon.
             The game lasted 00:02:51 (3575 turns).

Fang the Skirmisher (Gargoyle Berserker)            Turns: 3575, Time: 00:02:51

Health: -6/34      AC:  6    Str: 21    XL:     5   Next: 70%
Magic:  5/5        EV: 12    Int:  8    God:    Trog [***...]
Gold:   52         SH:  0    Dex:  9    Spells: 4/4 levels left

rFire    . . .     SeeInvis +   a - +0 hand axe
rCold    + . .     Gourm    .   (no shield)
rNeg     + . .     Faith    .   b - +0 animal skin
rPois    ∞         Spirit   .   (no helmet)
rElec    +         Reflect  .   (no cloak)
rCorr    .         Harm     .   (no gloves)
MR       .....                  (no boots)
Stlth    +.........             i - amulet of rage
HPRegen  0.11/turn              f - ring of protection from cold
MPRegen  0.09/turn              o - ring of see invisible

@: no status effects
A: negative energy resistance 1, electricity resistance, unbreathing,
petrification resistance, rot immunity, AC +4
a: Berserk, Trog's Hand, Renounce Religion, Evoke Berserk Rage


You were on level 3 of the Dungeon.
You worshipped Trog.
Trog was most pleased with you.
You were not hungry.

You visited 1 branch of the dungeon, and saw 3 of its levels.

You collected 52 gold pieces.

Inventory:

Hand Weapons
 a - a +0 hand axe (weapon)
Armour
 b - a +0 animal skin (worn)
Jewellery
 f - a ring of protection from cold (left hand)
 i - an amulet of rage (around neck)
 m - an uncursed ring of flight
 o - a ring of see invisible (right hand)
Scrolls
 d - a scroll of amnesia {unknown}
 g - a scroll of enchant armour {unknown}
 h - a scroll of immolation {unknown}
 k - 2 scrolls of fog {unknown}
 l - a scroll of blinking {unknown}
 n - a scroll of remove curse {unknown}
 p - a scroll of magic mapping {unknown}
 r - a scroll of teleportation {unknown}
Potions
 e - a potion of magic {unknown}
 j - 3 potions of heal wounds {unknown}
 q - a potion of cancellation {unknown}
 s - a potion of mutation {unknown}
 t - 2 potions of curing {unknown}
Comestibles
 c - 5 rations
 u - 11 chunks of flesh


   Skills:
 + Level 4.4 Fighting
 + Level 3.6 Axes
 + Level 3.6 Armour
 + Level 2.7 Dodging


You had 4 spell levels left.
You didn't know any spells.
Your spell library was empty.

Dungeon Overview and Level Annotations

Branches:
Dungeon (3/15)

Altars:


Innate Abilities, Weirdness & Mutations

You are resistant to torment.
Your stone body is resilient. (AC +4)
You are immune to poison.
You resist negative energy. (rN+)
You are resistant to electric shocks. (rElec)
You can survive without breathing.
You are immune to petrification.
You are immune to rotting.


Message History

The orc wizard hits you but does no damage.
The orc hits you but does no damage. The worm barely misses you.
You bump into the rock wall.
The orc barely misses you.
The orc wizard hits you with a +0 dagger.
* * * LOW HITPOINT WARNING * * *
The orc wizard hits you but does no damage.
The orc hits you but does no damage.
You feel less confused. The worm bites you but does no damage.
The orc wizard hits you with a +0 dagger.
* * * LOW HITPOINT WARNING * * *
The orc wizard hits you but does no damage.
The orc hits you with a +0 club.
* * * LOW HITPOINT WARNING * * *
Things that are here:
a +0 club; a +0 leather armour The worm barely misses you.
The orc hits you but does no damage.
The orc wizard gestures at you while chanting.
The puff of flame hits you!
You die...

#####..#####.
##..#####.
#.........
#......÷..
#......... ###+####
##.........
#......###..........
#....o.'............
#..@.oo###..........
#....w.# #..........
#....o.....#########
#......#####
#......# #......#
#......# ##+#####


You could see a worm, 2 orc wizards and 2 orcs.

Vanquished Creatures
  Natasha (thrice) (D:2)
  Robin (D:2)
  2 adders
  An ooze (D:1)
  A worm (D:2)
  A dart slug (D:1)
  2 leopard geckos (D:1)
  An orc (D:3)
  2 giant cockroaches (D:1)
  12 goblins
  11 hobgoblins
  7 jackals
  3 quokkas
  11 bats
  4 frilled lizards
  7 kobolds
  6 rats
75 creatures vanquished.

Notes
Turn   | Place    | Note
-------+----------+-------------------------------------------
     0 | D:1      | Fang the Gargoyle Berserker began the quest for the Orb.
     0 | D:1      | Reached XP level 1. HP: 14/14 MP: 1/1
   122 | D:1      | Reached XP level 2. HP: 6/19 MP: 2/2
   247 | D:1      | Reached XP level 3. HP: 9/23 MP: 3/3
   589 | D:1      | Reached ** piety under Trog
  1288 | D:2      | Reached XP level 4. HP: 10/29 MP: 4/4
  1495 | D:2      | Noticed Robin
  1514 | D:2      | Killed Robin
  1514 | D:2      | Reached skill level 4 in Fighting
  1774 | D:2      | Found a faded altar of an unknown god.
  2000 | D:2      | Noticed Natasha
  2008 | D:2      | Killed Natasha
  2008 | D:2      | Reached XP level 5. HP: 23/33 MP: 5/5
  2978 | D:2      | Noticed Natasha
  2986 | D:2      | Killed Natasha
  3237 | D:2      | Noticed Natasha
  3242 | D:2      | Killed Natasha
  3472 | D:3      | Reached *** piety under Trog
  3575 | D:3      | Killed from afar by an orc wizard

Skill      XL: |  1  2  3  4 |
---------------+-------------+-----
Axes           | 3 |  3.6
Dodging        | 2 |  2.7
Armour         | 3 |  3.6
Fighting       | 4 |  4.4

Action                   |  1- 3 |  4- 6 || total
-------------------------+-------+-------++-------
Melee: Hand axe          |   102 |    88 ||   190
Invok: Berserk           |     2 |     2 ||     4
  Eat: Chunk             |     3 |     6 ||     9
       Ration            |       |     1 ||     1
Armor: Animal skin       |    41 |    63 ||   104
Dodge: Dodged            |    64 |    92 ||   156
